 Dungeon Crawl Stone Soup version 0.18.1-50-g88ac8fd (webtiles) character file.

89 magog001 the Vandal (level 4, 0/36 HPs)
             Began as a Centaur Hunter on June 20, 2017.
             Slain by an adder (4 damage)
             ... on level 3 of the Dungeon.
             The game lasted 00:15:48 (2275 turns).

magog001 the Vandal (Centaur Hunter)                Turns: 2275, Time: 00:15:49

Health: 0/36       AC:  4    Str: 12 (14) XL:     4   Next: 31%
Magic:  4/4        EV:  9    Int:  9 (10) God:
Gold:   93         SH:  0    Dex: 11      Spells: 0 memorised, 3 levels left

rFire  . . .     SeeInvis .     b - +0 short sword
rCold  . . .     Gourm    .     c - +0 leather armour
rNeg   . . .     Faith    .     (no shield)
rPois  .         Spirit   .     (no helmet)
rElec  .         Dismiss  .     (no cloak)
rCorr  .         Reflect  .     (no gloves)
SustAt .         Harm     .     (no barding)
MR     .....                    (no amulet)
Stlth  +.........               (no ring)
                                (no ring)

@: lethally poisoned (0 -> -4), very quick, not resistant to hostile
enchantments, very unstealthy
A: hooves 3, deformed body, speed 2, tough skin 3
a: no special abilities


You were on level 3 of the Dungeon.
You were not hungry.

You visited 1 branch of the dungeon, and saw 3 of its levels.

You collected 93 gold pieces.

Inventory:

Hand Weapons
 a - a +1 hunting sling
 b - a +0 short sword (weapon)
 d - a +3 hunting sling of flaming
Missiles
 e - 11 tomahawks (quivered)
 i - 60 stones
Armour
 c - a +0 leather armour (worn)
 k - a cursed +0 robe
 n - a +1 helmet
Jewellery
 p - an uncursed amulet of rage {unknown}
Scrolls
 g - a scroll of teleportation {unknown}
 j - a scroll of enchant armour {unknown}
 m - 3 scrolls of remove curse {unknown}
 q - a scroll of identify {unknown}
Potions
 l - a potion of lignification {unknown}
Comestibles
 f - 2 bread rations
 h - 4 chunks of flesh


   Skills:
 + Level 2.0 Fighting
 * Level 6.1(6.2) Slings
 * Level 1.3(4.0) Throwing
 + Level 0.1 Armour
 + Level 1.4 Dodging
 - Level 0.5 Stealth


You had 3 spell levels left.
You didn't know any spells.

Dungeon Overview and Level Annotations

Branches:
Dungeon (3/15)

Altars:
Fedhas


Innate Abilities, Weirdness & Mutations

You have hooves in place of feet.
Armour fits poorly on your strangely shaped body.
You cover ground very quickly.
You have extremely tough skin (AC +3).


Message History

b - a +0 short sword (weapon)
The adder bites you.
You closely miss the adder. Your kick misses the adder.
You hear the slow rusting of a very distant drain.
You feel sick. The adder bites you.
You miss the adder. The adder bites you.
You are more poisoned.
The adder poisons you! The adder bites you but does no damage.
You closely miss the adder.
You feel sick. The adder bites you.
* * * LOW HITPOINT WARNING * * *
You hit the adder but do no damage. Your kick misses the adder.
The adder bites you but does no damage. The adder bites you.
* * * LOW HITPOINT WARNING * * *
You closely miss the adder.
* * * LOW HITPOINT WARNING * * *
You feel sick. The adder barely misses you.
* * * LOW HITPOINT WARNING * * *
You feel sick. The adder bites you.
You die...

# ######.#
######....#.#
#.......S...#
#.####w##@#####
.(( #.#...#
#$(#. #.#.#.#
..?(#. #.#.#.#
.... #.##.#.#.#
... ..#..#.#.#
.(. ###.##.#.#
#.##.#.#
#.#..#.#


You could see an adder.

Vanquished Creatures
  2 adders
  2 worms
  2 dart slugs (D:2)
  An orc (D:3)
  11 bats
  3 giant cockroaches
  5 goblins
  11 hobgoblins
  3 jackals (D:1)
  2 quokkas
  3 giant newts
  4 kobolds
  8 rats
57 creatures vanquished.

Notes
Turn   | Place    | Note
--------------------------------------------------------------
     0 | D:1      | magog001 the Centaur Hunter began the quest for the Orb.
     0 | D:1      | Reached XP level 1. HP: 17/17 MP: 1/1
   103 | D:1      | Reached XP level 2. HP: 22/24 MP: 2/2
   167 | D:1      | Reached skill level 5 in Slings
   453 | D:1      | Reached XP level 3. HP: 29/29 MP: 3/3
   935 | D:2      | Reached skill level 1 in Throwing
  1746 | D:2      | Reached XP level 4. HP: 36/36 MP: 4/4
  1788 | D:2      | Found a blossoming altar of Fedhas.
  2055 | D:3      | Reached skill level 6 in Slings
  2057 | D:3      | Noticed a phantom
  2275 | D:3      | Slain by an adder

Skill      XL: |  1  2  3  4 |
---------------+-------------+-----
Slings         | 5 6 |  6.1
Throwing       | 1 |  1.3
Fighting       | |  2.0
Armour         | |  0.1
Dodging        | |  1.4
Stealth        | |  0.5

Action                   |  1- 3 |  4- 6 || total
-------------------------+-------+-------++-------
Melee: Short sword       |     3 |    14 ||    17
       Kick              |     1 |     2 ||     3
 Fire: Hunting sling     |   166 |    24 ||   190
Throw: Tomahawk          |     3 |       ||     3
  Use: Potion            |     2 |     1 ||     3
  Eat: Chunk             |     1 |     1 ||     2
Armor: Leather armour    |    31 |     2 ||    33
Dodge: Dodged            |    52 |     6 ||    58
